 Dungeon Crawl Stone Soup version 0.24.0-123-gd5b16e6ec5 (webtiles) character file.

Game seed: 7283478792337634701, levelgen mode: deterministic

109 Curus the Twirler (level 4, 0/33 HPs)
             Began as a Demonspawn Gladiator on Jan 26, 2020.
             Slain by a goblin (3 damage)
             ... led by Robin
             ... on level 3 of the Dungeon.
             The game lasted 00:10:54 (1611 turns).

Curus the Twirler (Demonspawn Gladiator)            Turns: 1611, Time: 00:10:55

Health: 0/33       AC:  8    Str: 14    XL:     4   Next: 60%
Magic:  4/4        EV: 13    Int:  9    God:
Gold:   66         SH:  0    Dex: 16    Spells: 3/3 levels left

rFire    + . .     SeeInvis .   a - +0 quarterstaff
rCold    . . .     Gourm    .   (shield currently unavailable)
rNeg     . . .     Faith    .   b - +0 leather armour
rPois    .         Spirit   .   c - +0 helmet
rElec    .         Reflect  .   (no cloak)
rCorr    .         Harm     .   (no gloves)
MR       .....                  h - +2 pair of boots {Fly}
Stlth    +.........             j - amulet of the acrobat
HPRegen  0.11/turn              (no ring)
MPRegen  0.09/turn              (no ring)

@: lethally poisoned (0 -> -20), about to teleport, flying
A: rugged brown scales 1, fire resistance 1
a: Stop Flying


You were on level 3 of the Dungeon.
You were not hungry.

You visited 1 branch of the dungeon, and saw 3 of its levels.

You collected 66 gold pieces.

Inventory:

Hand Weapons
 a - a +0 quarterstaff (weapon)
Missiles
 d - 3 throwing nets (quivered)
Armour
 b - a +0 leather armour (worn)
 c - a +0 helmet (worn)
 h - a +2 pair of boots of flying (worn)
Jewellery
 j - an amulet of the acrobat (around neck)
Scrolls
 g - 4 scrolls of identify
 i - 2 scrolls of teleportation
Potions
 e - 2 potions of heal wounds
Comestibles
 f - 4 rations
 k - a chunk of flesh


   Skills:
 - Level 2.0 Fighting
 + Level 4.9 Staves
 - Level 1.7 Throwing
 - Level 2.6 Dodging


You had 3 spell levels left.
You didn't know any spells.
Your spell library was empty.

Dungeon Overview and Level Annotations

Branches:
Dungeon (3/15)

Altars:

Annotations:
D:3 Jessica, Robin, Sigmund


Innate Abilities, Weirdness & Mutations

You are partially covered in rugged brown scales. (AC +1, +3% HP)
Your flesh is heat resistant. (rF+)


Message History

Deactivating autopickup; reactivate with Ctrl-A.
The goblin barely misses you. The hobgoblin closely misses you.
You hit the hobgoblin but do no damage.
* * * LOW HITPOINT WARNING * * *
You feel sick.
The goblin no longer looks unusually strong.
The kobold barely misses you.
An orc comes into view. It is wielding a +0 mace.
The goblin closely misses you. The rat bites you but does no damage.
The goblin hits you but does no damage. x2
As you read the scroll of teleportation, it crumbles to dust.
You feel strangely unstable.
* * * LOW HITPOINT WARNING * * *
You feel sick.
The hobgoblin hits you but does no damage.
The kobold hits you but does no damage. The rat misses you.
The goblin hits you but does no damage. x2
You are more poisoned.
The goblin hits you.
You die...

##...<#########.####...#.#####
.......#......................
##))##..## ##########........
#)(####.r## ###.###...[ .†##
##..# ###...# ... .## ##@##
#...### .# #g.# ##.### ## .#
##.######K.## ... K#
#.....g@gg.# ..#. >.
######ggrg.#.!... ##
###.g......# #..?(.g....#
#..#.(....### #..##...g..#
#..##......## .........#...
.?....##[.....


You could see Robin, 2 hobgoblins, 6 goblins, a kobold and a rat.

Vanquished Creatures
  An orc priest (D:3)
  3 adders
  An ooze (D:3)
  A worm (D:2)
  A dart slug (D:2)
  3 orcs (D:3)
  A ball python (D:3)
  3 giant cockroaches
  8 goblins
  5 hobgoblins
  4 kobolds
  A quokka (D:2)
  2 bats
  5 rats
39 creatures vanquished.

Notes
Turn   | Place    | Note
-------+----------+-------------------------------------------
     0 | D:1      | Curus the Demonspawn Gladiator began the quest for the Orb.
     0 | D:1      | Reached XP level 1. HP: 16/16 MP: 1/1
   116 | D:1      | Reached skill level 3 in Staves
   268 | D:1      | Gained mutation: You are partially covered in rugged brown
                  | scales. (AC +1, +3% HP) [demonic ancestry]
   268 | D:1      | Reached XP level 2. HP: 14/22 MP: 2/2
   901 | D:2      | Reached XP level 3. HP: 27/27 MP: 3/3
  1042 | D:2      | Reached skill level 4 in Staves
  1414 | D:3      | Gained mutation: Your flesh is heat resistant. (rF+)
                  | [demonic ancestry]
  1414 | D:3      | Reached XP level 4. HP: 26/33 MP: 4/4
  1504 | D:3      | Noticed Sigmund
  1594 | D:3      | Noticed Robin
  1606 | D:3      | Noticed Jessica
  1611 | D:3      | Slain by a goblin

Levels and vault maps discovered:
D:1:      minmay_arrival_open_corners, layout_loops_ring
D:2:      layout_basic
D:3:      layout_rooms, first_ration, minmay_close_crescents, uniq_jessica,
          uniq_sigmund, uniq_robin

Skill      XL: |  1  2  3 |
---------------+----------+-----
Staves         | 3 4 |  4.9
Fighting       | |  2.0
Throwing       | |  1.7
Dodging        | |  2.6

Action                   |  1- 3 |  4- 6 || total
-------------------------+-------+-------++-------
Melee: Quarterstaff      |    85 |    35 ||   120
  Use: Scroll            |     4 |     2 ||     6
       Potion            |     3 |       ||     3
 Stab: Sleeping          |     1 |       ||     1
  Eat: Chunk             |       |     2 ||     2
Armor: Leather armour    |    28 |    34 ||    62
Dodge: Dodged            |    50 |    66 ||   116
